 Dungeon Crawl Stone Soup version 0.24-a0-769-g368c164 (webtiles) character file.

Game seed: 1128362311133172957, levelgen mode: deterministic

179 BoppinsLewinski the Poker (level 5, 0/41 HPs)
             Began as a Human Gladiator on Oct 7, 2019.
             Slain by a scorpion (1 damage)
             ... on level 3 of the Dungeon.
             The game lasted 00:05:39 (3368 turns).

BoppinsLewinski the Poker (Human Gladiator)         Turns: 3368, Time: 00:05:39

Health: 0/41       AC: 11    Str: 19 (20) XL:     5   Next: 90%
Magic:  5/5        EV:  9    Int:  7 (9)  God:
Gold:   143        SH:  0    Dex: 13 (14) Spells: 4/4 levels left

rFire    . . .     SeeInvis .   a - +0 trident
rCold    . . .     Gourm    .   (no shield)
rNeg     . . .     Faith    .   p - +0 chain mail (curse)
rPois    .         Spirit   .   (helmet restricted)
rElec    .         Reflect  .   r - scarf {repulsion}
rCorr    .         Harm     .   l - +0 pair of gloves
MR       .....                  (no boots)
Stlth    ..........             (no amulet)
HPRegen  0.13/turn              (no ring)
MPRegen  0.09/turn              (no ring)

@: mighty, lethally poisoned (0 -> -16), repel missiles
A: antennae 1, slimy green scales 1, blurry vision 1
a: no special abilities


You were on level 3 of the Dungeon.
You were not hungry.

You visited 1 branch of the dungeon, and saw 4 of its levels.

You collected 143 gold pieces.

Inventory:

Hand Weapons
 a - a +0 trident (weapon)
Missiles
 d - 2 throwing nets (quivered)
Armour
 c - a +0 helmet
 l - a +0 pair of gloves (worn)
 p - a cursed +0 chain mail (worn)
 r - a scarf of repulsion (worn)
Wands
 u - a wand of flame (17)
Scrolls
 b - 2 scrolls of teleportation {unknown}
 i - a scroll of amnesia {unknown}
 k - 2 scrolls of magic mapping {unknown}
 m - a scroll of remove curse {unknown}
 n - 4 scrolls of identify {unknown}
 t - a scroll of immolation {unknown}
Potions
 e - 2 potions of lignification
 s - a potion of might
Comestibles
 f - 3 rations


   Skills:
 + Level 3.0 Fighting
 * Level 4.3 Polearms
 - Level 2.0 Throwing
 + Level 2.0 Armour
 + Level 3.8 Dodging
 + Level 0.8 Evocations


You had 4 spell levels left.
You didn't know any spells.
Your spell library contained the following spells:

 Spells                   Type           Power        Failure   Level  Hunger
 Swiftness                Chrm/Air       #.......     100%        2    ###....


Dungeon Overview and Level Annotations

Branches:
Dungeon (4/15)
 Temple: D:4-7

Altars:


Innate Abilities, Weirdness & Mutations

You have a pair of small antennae on your head.
You are partially covered in slimy green scales. (AC +2)
Scrolls take you a little longer to read.


Message History

Yer vision blurs.
Slimy gre'n scales grow o'er part o' yer body.
* * * LOW HITPOINT WARNIN'
* * * Ye feel sick.
Tha iguana barely misses ye.
Tha scorpion stin's ye but does nay damage.
Unknown command.
It was a potion o' degeneration.
Thar was somethin' very wrong wit tha liquid.
Ye feel weaken'd.
Ye feel dopey.
Ye feel clumsy.
* * * LOW HITPOINT WARNIN'
* * * Ye feel sick.
Tha iguana bites ye.
* * * LOW HITPOINT WARNIN'
* * * Tha scorpion stin's ye but does nay damage.
Yer chain mail prevents ye from hittin' tha scorpion.
Tha scorpion be almost dead.
* * * LOW HITPOINT WARNIN'
* * * Ye feel sick.
Tha iguana bites ye but does nay damage.
Tha scorpion stin's ye.
Ye die...

....##................#
#.#
.#...#................#
#.#
...#.#................#
#.#
#...........).........#
#.#
#.......######........#
#.# #.......#
#........# #.#
#####.########........#
#.#
#####)###.......÷s....#
#..
(.()...........l@.....#
###
#####.#.#......########
.<..#...#......#
###.#...######.# #
#.#...# #.# # #.#.#.##
#.# ###.#.#..#####.#
.........#...#.#
.............#.#


You could see a scorpion and an iguana.

Vanquished Creatures
  A hound (D:3)
  Jessica (D:2)
  An adder (D:3)
  An ooze (D:1)
  An adder skeleton (D:2)
  4 worms
  2 dart slugs (D:2)
  4 leopard geckos
  16 bats
  4 giant cockroaches
  10 goblins
  7 hobgoblins
  10 jackals
  4 kobolds
  2 quokkas
  A ball python (D:3)
  9 frilled lizards
  8 rats
86 creatures vanquished.

Notes
Turn   | Place    | Note
-------+----------+-------------------------------------------
     0 | D:1      | BoppinsLewinski the Human Gladiator began the quest for the
                  | Orb.
     0 | D:1      | Reached XP level 1. HP: 16/16 MP: 1/1
    66 | D:1      | Reached XP level 2. HP: 21/22 MP: 2/2
   766 | D:1      | Reached XP level 3. HP: 27/27 MP: 3/3
  1117 | D:2      | Reached skill level 1 in Armour
  1521 | D:2      | Reached XP level 4. HP: 34/34 MP: 4/4
  1910 | D:2      | Noticed Jessica
  1918 | D:2      | Killed Jessica
  1918 | D:2      | Reached skill level 4 in Polearms
  2036 | D:2      | Identified Jessica's Almanac of Talismans
  2313 | D:3      | Reached XP level 5. HP: 39/39 MP: 5/5
  3366 | D:3      | Gained mutation: You have a pair of small antennae on your
                  | head. [potion of mutation]
  3366 | D:3      | Gained mutation: Scrolls take you a little longer to read.
                  | [potion of mutation]
  3366 | D:3      | Gained mutation: You are partially covered in slimy green
                  | scales. (AC +2) [potion of mutation]
  3367 | D:3      | HP: 2/41 [iguana (2)]
  3368 | D:3      | Slain by a scorpion

Levels and vault maps discovered:
D:1:      dpeg_arrival_stonehenge_8_columns, layout_loops_ring, serial_forest,
          infiniplex_forest_straight_2, infiniplex_forest_end_2,
          infiniplex_forest_straight_4, infiniplex_forest_3_way,
          infiniplex_forest_diagonal, infiniplex_forest_lined_4_way,
          infiniplex_forest_lined_4_way
D:2:      layout_loops_ring, minivault_5, minmay_misc_feat_plants,
          kennysheep_jessica_study
D:3:      layout_basic, minmay_curled_crystal, roderic_batcave
D:4:      layout_rooms, gammafunk_ghost_mausoleum

Skill      XL: |  1  2  3  4  5 |
---------------+----------------+-----
Armour         | 1 2 |  2.0
Polearms       | 4 |  4.3
Fighting       | 3 |  3.0
Throwing       | |  2.0
Dodging        | |  3.8
Evocations     | |  0.8

Action                   |  1- 3 |  4- 6 || total
-------------------------+-------+-------++-------
Melee: Trident           |   146 |   204 ||   350
Throw: Throwing net      |     1 |       ||     1
  Use: Potion            |     1 |     4 ||     5
 Stab: Sleeping          |     2 |       ||     2
       Held in net/web   |     1 |       ||     1
       Distracted        |       |     1 ||     1
  Eat: Chunk             |     2 |     6 ||     8
Armor: Leather armour    |     7 |       ||     7
       Ring mail         |    27 |    38 ||    65
       Skin              |     8 |       ||     8
       Chain mail        |       |    68 ||    68
Dodge: Dodged            |    78 |   103 ||   181
       Deflected         |       |     3 ||     3

Table legend:
 A = Non-vault XP
 B = Vault XP
 C = Vault XP percentage of total XP
 D = Non-vault monster count
 E = Vault monster count
 F = Vault count percentage of total count
                 A         B        C        D         E       F
            +---------+---------+-------+---------+---------+-------
      Total |     208 |      49 |  19.1 |      77 |       9 |  10.5
            +---------+---------+-------+---------+---------+-------
        D:1 |      36 |       0 |   0.0 |      19 |       0 |   0.0
        D:2 |      59 |      39 |  39.8 |      29 |       2 |   6.5
        D:3 |     113 |      10 |   8.1 |      29 |       7 |  19.4
            +---------+---------+-------+---------+---------+-------
